Remparts vs Little Stars
(R1)
Created - May 10, 2018 at 19:06
Goals
|
Remparts |
1 |
1 |
0 |
2 |
Little Stars |
2 |
2 |
0 |
4 |
|
Shots
|
Remparts |
12 |
19 |
14 |
45 |
Little Stars |
8 |
15 |
9 |
32 |
|
1st period
1. Little Stars , Alex Chiasson 3 (Shawn Matthias 3, Brian Flynn 4) at 1:59
2. Little Stars , Mathieu Perreault 3 (Alexander Vasyunov 3) at 3:29
3. Remparts , Max Reinhart 1 (Pasi Salonen 1) at 9:50
Penalties :
Kris Russell (Que) for Hooking (Minor) at 3:59, Max Reinhart (Que) for Hooking (Minor) at 16:13, Johannes Salmonsson (Que) for High sticking (Minor) at 19:51
2nd period
4. Little Stars , Phil Oreskovic 1 (Brian Flynn 5) at 0:06 (PP)
5. Remparts , Mike Weber 2 (Kris Russell 6) at 4:03 (PP)
6. Little Stars , Shawn Matthias 4 (Brian Flynn 6, Andrej Sustr 2) at 13:43
Penalties :
Brian Flynn (Tex) for Tripping (Minor) at 2:41, Phil Oreskovic (Tex) for Cross-checking (Minor) at 15:22
3rd period
No Goal
Penalties :
Jordie Benn (Tex) for Delaying the game (Minor) at 1:49, Mike Weber (Que) for Holding (Minor) at 2:17, Guillaume Desbiens (Que) for High sticking (Minor) at 14:42, Cody Ceci (Que) for Hooking (Minor) at 17:41
Goalie Stats
Tyler Plante (Que), 28 saves from 32 shots - (0.875), L, 1-3-0, 60:00 minutes
Jhonas Enroth (Tex), 43 saves from 45 shots - (0.956), W, 3-1-0, 60:00 minutes
Players Stats for Remparts
Player Name G A P +/- PIM S H SB GA TA FO MP PP MP PK MP
------------------------------------------------------------------------------------
Alex Galchenyuk 0 0 0 -2 0 6 2 1 1 0 3/5 21:22 2:05 1:56
Brandon Mashinter 0 0 0 0 0 2 2 1 1 0 2/2 7:33 0:00 0:25
Cédric Lalonde-McNicoll 0 0 0 0 0 1 3 0 0 0 2/6 13:03 0:00 2:17
Cody Ceci 0 0 0 -2 2 1 1 1 0 2 0/0 22:49 0:00 3:57
Dainius Zubrus 0 0 0 -2 0 2 3 0 0 0 13/27 20:15 2:05 0:49
Dale Weise 0 0 0 0 0 0 1 0 0 0 0/0 7:08 0:00 0:00
Erik Gustafsson 0 0 0 0 0 1 0 0 0 0 0/0 13:59 0:00 1:40
Guillaume Desbiens 0 0 0 -2 2 2 3 0 1 2 1/3 21:02 2:05 1:33
Johannes Salmonsson 0 0 0 0 2 1 3 0 0 0 1/1 14:06 0:06 4:11
Justin Williams 0 0 0 0 0 4 1 0 0 0 0/0 9:55 0:06 0:00
Kris Russell 0 1 1 -2 2 5 2 0 2 1 0/0 24:21 2:34 2:33
Max Reinhart 1 0 1 0 2 5 0 0 0 2 10/20 17:50 1:44 3:50
Michal Jordan 0 0 0 0 0 2 0 0 0 1 0/0 15:29 1:15 0:33
Mike Weber 1 0 1 0 2 3 2 1 1 0 0/0 23:25 2:33 5:13
Pasi Salonen 0 1 1 0 0 2 1 1 1 0 1/1 16:45 1:38 2:17
Patrick Maroon 0 0 0 0 0 2 2 0 0 0 0/0 7:08 0:00 0:00
Ryan Strome 0 0 0 0 0 5 0 0 0 0 0/1 13:29 1:38 0:00
William Colbert 0 0 0 0 0 1 1 1 1 1 0/0 20:05 1:15 3:22
Players Stats for Little Stars
Player Name G A P +/- PIM S H SB GA TA FO MP PP MP PK MP
------------------------------------------------------------------------------------
Alex Chiasson 1 0 1 1 0 8 1 2 2 0 4/6 24:25 4:08 2:16
Alexander Vasyunov 0 1 1 1 0 0 0 0 0 0 1/2 10:53 0:00 1:05
Andrej Sustr 0 1 1 0 0 0 0 0 0 0 0/0 11:27 0:00 0:12
Brian Flynn 0 3 3 1 2 3 1 1 0 0 14/29 21:43 4:08 0:28
Cam Atkinson 0 0 0 0 0 2 3 1 0 2 2/2 17:06 4:08 0:42
Dana Tyrell 0 0 0 0 0 1 0 0 1 1 5/15 16:14 4:08 0:00
Daniel Catenacci 0 0 0 0 0 0 0 0 0 0 1/4 7:09 0:00 0:00
Hugh Jessiman 0 0 0 1 0 1 0 0 0 1 0/0 10:30 0:24 0:00
Jesse Joensuu 0 0 0 0 0 0 3 0 2 1 0/0 17:14 4:07 0:51
Jordie Benn 0 0 0 1 2 0 2 2 1 1 0/0 19:25 3:31 1:17
Mathieu Perreault 1 0 1 1 0 5 0 0 1 0 6/7 10:14 0:23 0:00
Niklas Hjalmarsson 0 0 0 1 0 4 2 2 1 0 0/0 28:39 5:08 1:52
Phil Oreskovic 1 0 1 1 2 2 0 0 0 0 0/0 27:36 5:08 0:45
Robert Klinkhammer 0 0 0 0 0 0 0 0 0 0 0/0 7:09 0:00 0:00
Scott Kosmachuck 0 0 0 0 0 0 2 0 0 0 0/0 7:32 0:23 0:00
Shawn Matthias 1 1 2 1 0 3 2 0 1 2 0/1 24:25 4:08 2:16
Tyson Barrie 0 0 0 0 0 2 0 1 0 0 0/0 12:05 0:00 1:35
Yannick Weber 0 0 0 1 0 1 0 0 0 0 0/0 20:51 3:31 1:57
3 Stars
1 - Jhonas Enroth (Tex)
2 - Shawn Matthias (Tex)
3 - Brian Flynn (Tex)
Power Play
Remparts - 1 on 3 Attempt(s) - 33.33%
Little Stars - 1 on 6 Attempt(s) - 16.67%
Penalty Kill
Remparts - 5 on 6 Attempt(s) - 83.33%
- Score 0 goal in Penalty Kill
Little Stars - 2 on 3 Attempt(s) - 66.67%
- Score 0 goal in Penalty Kill
Team Stat
Remparts - Hits : 27 - Faceoff Wins : 33 - Blocked Shots : 6 - Penalty Minutes : 12
Little Stars - Hits : 16 - Faceoff Wins : 33 - Blocked Shots : 9 - Penalty Minutes : 6
Official
Referees : Morton Dean and Pollock Kevin
Linesman : Tony Sericolo and Derek Amell
Game Notes
No Game Note
Finance
Level 1 -- Attendance: 1828 (91.40%) -- Ticket Income $73,120
Level 2 -- Attendance: 939 (93.90%) -- Ticket Income $18,780
Total Attendance: 2767 (92.23%)
Total Ticket Income: $91,900
Other Income: $4,595
Total Income: $96,495
Remparts
5 vs 5 Forward
Center Left Wing Right Wing Time % Phy DF OF
1 Dainius Zubrus Alex Galchenyuk Guillaume Desbiens 40 1 2 2
2 Max Reinhart Pasi Salonen Ryan Strome 30 1 2 2
3 Cédric Lalonde-McNicoll Johannes Salmonsson Justin Williams 20 1 2 2
4 Brandon Mashinter Patrick Maroon Dale Weise 10 1 2 2
5 vs 5 Defense
Defense Defense Time % Phy DF OF
1 Kris Russell Cody Ceci 40 1 2 2
2 William Colbert Mike Weber 30 1 2 2
3 Michal Jordan Erik Gustafsson 20 1 2 2
4 Kris Russell Cody Ceci 10 1 2 2
PowerPlay Forward
Center Left Wing Right Wing Time % Phy DF OF
1 Dainius Zubrus Alex Galchenyuk Guillaume Desbiens 60 1 2 2
2 Max Reinhart Pasi Salonen Ryan Strome 40 1 2 2
PowerPlay Defense
Defense Defense Time % Phy DF OF
1 Kris Russell Mike Weber 60 1 2 2
2 William Colbert Michal Jordan 40 1 2 2
Penalty Kill 4 Players Forward
Center Wing Time % Phy DF OF
1 Max Reinhart Johannes Salmonsson 60 1 2 2
2 Cédric Lalonde-McNicoll Pasi Salonen 40 1 2 2
Penalty Kill 4 Players Defense
Defense Defense Time % Phy DF OF
1 Cody Ceci Mike Weber 60 1 2 2
2 William Colbert Kris Russell 40 1 2 2
Penalty Kill - 3 Players Forward
Forward Time % Phy DF OF
1 Max Reinhart 60 1 2 2
2 Cédric Lalonde-McNicoll 40 1 2 2
Penalty Kill - 3 Players Defense
Defense Defense Time % Phy DF OF
1 Cody Ceci Mike Weber 60 1 2 2
2 William Colbert Kris Russell 40 1 2 2
4 vs 4 Forward
Center Wing Time % Phy DF OF
1 Dainius Zubrus Alex Galchenyuk 60 1 2 2
2 Max Reinhart Guillaume Desbiens 40 1 2 2
4 vs 4 Defense
Defense Defense Time % Phy DF OF
1 Kris Russell Cody Ceci 60 1 2 2
2 William Colbert Mike Weber 40 1 2 2
Last Minutes Offensive
Center Left Wing Right Wing Defense Defense
Dainius Zubrus Alex Galchenyuk Guillaume Desbiens Kris Russell Mike Weber
Last Minutes Defensive
Center Left Wing Right Wing Defense Defense
Max Reinhart Johannes Salmonsson Guillaume Desbiens Cody Ceci Mike Weber
Goaltenders
Starting : Tyler Plante
Backup : Igor Bobkov
Extra Forwards
Normal : Max Reinhart, Alex Galchenyuk, Guillaume Desbiens - PP : Max Reinhart, Alex Galchenyuk - PK : Guillaume Desbiens
Extra Defensemen
Normal : William Colbert, Cody Ceci, Mike Weber - PP : Cody Ceci - PK : Erik Gustafsson, Michal Jordan
Penalty Shots
Alex Galchenyuk, Pasi Salonen, Justin Williams, Dainius Zubrus, Cédric Lalonde-McNicoll
Scratches
Griffin Reinhart (Healthy), Michael Paliotta (Healthy), Anton Zlobin (Healthy), Mitchell Heard (Healthy), Tim Bozon (Healthy)
Chris Mueller (Healthy), François Brassard (Healthy)
Little Stars
5 vs 5 Forward
Center Left Wing Right Wing Time % Phy DF OF
1 Brian Flynn Shawn Matthias Alex Chiasson 40 1 2 2
2 Dana Tyrell Jesse Joensuu Cam Atkinson 30 1 2 2
3 Mathieu Perreault Alexander Vasyunov Hugh Jessiman 20 1 2 2
4 Daniel Catenacci Robert Klinkhammer Scott Kosmachuck 10 1 2 2
5 vs 5 Defense
Defense Defense Time % Phy DF OF
1 Niklas Hjalmarsson Phil Oreskovic 40 1 2 2
2 Yannick Weber Jordie Benn 30 1 2 2
3 Andrej Sustr Tyson Barrie 20 1 2 2
4 Niklas Hjalmarsson Phil Oreskovic 10 1 2 2
PowerPlay Forward
Center Left Wing Right Wing Time % Phy DF OF
1 Brian Flynn Shawn Matthias Alex Chiasson 60 1 2 2
2 Dana Tyrell Jesse Joensuu Cam Atkinson 40 1 2 2
PowerPlay Defense
Defense Defense Time % Phy DF OF
1 Niklas Hjalmarsson Phil Oreskovic 60 1 2 2
2 Yannick Weber Jordie Benn 40 1 2 2
Penalty Kill 4 Players Forward
Center Wing Time % Phy DF OF
1 Alex Chiasson Shawn Matthias 60 1 2 2
2 Cam Atkinson Brian Flynn 40 1 2 2
Penalty Kill 4 Players Defense
Defense Defense Time % Phy DF OF
1 Niklas Hjalmarsson Phil Oreskovic 60 1 2 2
2 Yannick Weber Jordie Benn 40 1 2 2
Penalty Kill - 3 Players Forward
Forward Time % Phy DF OF
1 Alex Chiasson 60 1 2 2
2 Shawn Matthias 40 1 2 2
Penalty Kill - 3 Players Defense
Defense Defense Time % Phy DF OF
1 Niklas Hjalmarsson Phil Oreskovic 60 1 2 2
2 Yannick Weber Jordie Benn 40 1 2 2
4 vs 4 Forward
Center Wing Time % Phy DF OF
1 Alex Chiasson Shawn Matthias 60 1 2 2
2 Cam Atkinson Brian Flynn 40 1 2 2
4 vs 4 Defense
Defense Defense Time % Phy DF OF
1 Niklas Hjalmarsson Phil Oreskovic 60 1 2 2
2 Yannick Weber Jordie Benn 40 1 2 2
Last Minutes Offensive
Center Left Wing Right Wing Defense Defense
Brian Flynn Shawn Matthias Alex Chiasson Niklas Hjalmarsson Phil Oreskovic
Last Minutes Defensive
Center Left Wing Right Wing Defense Defense
Brian Flynn Shawn Matthias Alex Chiasson Niklas Hjalmarsson Phil Oreskovic
Goaltenders
Starting : Jhonas Enroth
Backup : Peter Delmas
Extra Forwards
Normal : Hugh Jessiman, Mathieu Perreault, Alexander Vasyunov - PP : Hugh Jessiman, Mathieu Perreault - PK : Alexander Vasyunov
Extra Defensemen
Normal : Andrej Sustr, Tyson Barrie, Yannick Weber - PP : Andrej Sustr - PK : Tyson Barrie, Yannick Weber
Penalty Shots
Alex Chiasson, Shawn Matthias, Cam Atkinson, Brian Flynn, Hugh Jessiman
Scratches
Daniel O'regan (Healthy), Michael Mersch (Healthy), Scott Harrington (Healthy), Reece Willcox (Healthy), Ville Pokka (Healthy)
Tyler Wotherspoon (Healthy), Jesper Fast (Sprained Left Knee Injury), Alexander Khokhlachev (Healthy), Anthony Camara (Healthy), Duncan Siemens (Healthy)
Dillon Simpson (Healthy), Anthony Stolarz (Healthy)
% Time on Ice - Remparts
Lines # - Real PCT - Wanted PCT - Time Play
Normal Forward
1 - 35% - 40% - 16:14
2 - 28% - 30% - 12:52
3 - 21% - 20% - 9:47
4 - 16% - 10% - 7:08
Normal Defense
1 - 38% - 40% - 17:33
2 - 34% - 30% - 15:26
3 - 27% - 20% - 12:19
4 - 2% - 10% - 0:43
PP Forward
1 - 55% - 60% - 2:05
2 - 45% - 40% - 1:44
PP Defense
1 - 67% - 60% - 2:34
2 - 33% - 40% - 1:15
PK Forward
1 - 74% - 60% - 6:22
2 - 26% - 40% - 2:17
PK Defense
1 - 60% - 60% - 5:13
2 - 40% - 40% - 3:26
PK3 Forward
1 - 0% - 60%
2 - 0% - 40%
PK3 Defense
1 - 0% - 60%
2 - 0% - 40%
44 Forward
1 - 92% - 60% - 1:24
2 - 8% - 40% - 0:07
44 Defense
1 - 59% - 60% - 0:54
2 - 41% - 40% - 0:37
Last Minute Offensive - 0:00
Last Minute Defensive - 0:00
Total
Forward - 60:00
Defense - 60:00
|
% Time on Ice - Little Stars
Lines # - Real PCT - Wanted PCT - Time Play
Normal Forward
1 - 38% - 40% - 17:20
2 - 26% - 30% - 12:06
3 - 20% - 20% - 9:26
4 - 16% - 10% - 7:09
Normal Defense
1 - 40% - 40% - 18:36
2 - 32% - 30% - 14:38
3 - 23% - 20% - 10:30
4 - 5% - 10% - 2:17
PP Forward
1 - 52% - 60% - 4:31
2 - 48% - 40% - 4:08
PP Defense
1 - 59% - 60% - 5:08
2 - 41% - 40% - 3:31
PK Forward
1 - 82% - 60% - 3:07
2 - 18% - 40% - 0:42
PK Defense
1 - 54% - 60% - 2:04
2 - 46% - 40% - 1:45
PK3 Forward
1 - 0% - 60%
2 - 0% - 40%
PK3 Defense
1 - 0% - 60%
2 - 0% - 40%
44 Forward
1 - 89% - 60% - 1:21
2 - 11% - 40% - 0:10
44 Defense
1 - 69% - 60% - 1:03
2 - 31% - 40% - 0:28
Last Minute Offensive - 0:00
Last Minute Defensive - 0:00
Total
Forward - 60:00
Defense - 60:00
|
Play by Play
1st period
0:01 of 1st period - Dainius Zubrus wins face-off versus Brian Flynn in neutral zone.
0:16 of 1st period - Snap shot by Alex Galchenyuk.
0:16 of 1st period - Stopped by Jhonas Enroth without a rebound.
0:17 of 1st period - Cam Atkinson wins face-off versus Max Reinhart in Little Stars zone.
1:11 of 1st period - Snap shot by Shawn Matthias.
1:11 of 1st period - Shot Misses the Net.
1:13 of 1st period - Snap shot by Shawn Matthias.
1:13 of 1st period - Shot Blocked by Mike Weber.
1:15 of 1st period - Wrist shot by Alex Chiasson.
1:15 of 1st period - Shot Blocked by William Colbert.
1:47 of 1st period - Snap shot by Ryan Strome.
1:47 of 1st period - Shot Hit the Post.
1:49 of 1st period - Snap shot by Max Reinhart.
1:49 of 1st period - Stopped by Jhonas Enroth without a rebound.
1:50 of 1st period - Brian Flynn wins face-off versus Max Reinhart in Little Stars zone.
1:59 of 1st period - Wrist shot by Alex Chiasson.
1:59 of 1st period - Goal by Alex Chiasson - Remparts : 0 - Little Stars : 1.
2:00 of 1st period - Dana Tyrell wins face-off versus Guillaume Desbiens in neutral zone.
2:14 of 1st period - Snap shot by Alex Galchenyuk.
2:14 of 1st period - Stopped by Jhonas Enroth without a rebound.
2:15 of 1st period - Cédric Lalonde-McNicoll wins face-off versus Brian Flynn in Little Stars zone.
2:47 of 1st period - Snap shot by Alex Galchenyuk.
2:47 of 1st period - Stopped by Jhonas Enroth without a rebound.
2:48 of 1st period - Dana Tyrell wins face-off versus Ryan Strome in Little Stars zone.
3:27 of 1st period - Wrist shot by Shawn Matthias.
3:27 of 1st period - Stopped by Tyler Plante without a rebound.
3:28 of 1st period - Mathieu Perreault wins face-off versus Dainius Zubrus in Remparts zone.
3:29 of 1st period - Snap shot by Alexander Vasyunov.
3:29 of 1st period - Deflect By Mathieu Perreault.
3:29 of 1st period - Goal by Mathieu Perreault - Remparts : 0 - Little Stars : 2.
3:30 of 1st period - Mathieu Perreault wins face-off versus Dainius Zubrus in neutral zone.
3:35 of 1st period - Snap shot by Mathieu Perreault.
3:35 of 1st period - Shot Blocked by Cody Ceci.
3:37 of 1st period - Slapshot by Tyson Barrie.
3:37 of 1st period - Stopped by Tyler Plante without a rebound.
3:38 of 1st period - Mathieu Perreault wins face-off versus Alex Galchenyuk in Remparts zone.
3:41 of 1st period - Snap shot by Hugh Jessiman.
3:41 of 1st period - Shot Misses the Net.
3:43 of 1st period - Snap shot by Andrej Sustr.
3:43 of 1st period - Shot Misses the Net.
3:59 of 1st period - Minor Penalty to Kris Russell for Hooking.
4:00 of 1st period - Max Reinhart wins face-off versus Brian Flynn in Remparts zone.
4:00 of 1st period - Max Reinhart is hit by Shawn Matthias.
5:59 of 1st period - Penalty to Kris Russell is over, Kris Russell is back on ice.
6:12 of 1st period - Jordie Benn is hit by Guillaume Desbiens and loses puck.
6:29 of 1st period - Alexander Vasyunov is hit by Kris Russell and loses puck.
7:02 of 1st period - Alexander Vasyunov is hit by Cody Ceci and loses puck.
8:07 of 1st period - Off-side.
8:08 of 1st period - Brandon Mashinter wins face-off versus Brian Flynn in neutral zone.
8:11 of 1st period - Slapshot by Kris Russell.
8:11 of 1st period - Stopped by Jhonas Enroth with a rebound.
8:13 of 1st period - Snap shot by Patrick Maroon.
8:13 of 1st period - Stopped by Jhonas Enroth with a rebound.
8:15 of 1st period - Slapshot by Kris Russell.
8:15 of 1st period - Stopped by Jhonas Enroth with a rebound.
8:17 of 1st period - Slapshot by Cody Ceci.
8:17 of 1st period - Stopped by Jhonas Enroth without a rebound.
8:18 of 1st period - Dana Tyrell wins face-off versus Max Reinhart in Little Stars zone.
8:23 of 1st period - Kris Russell is hit by Cam Atkinson.
9:50 of 1st period - Snap shot by Max Reinhart.
9:50 of 1st period - Goal by Max Reinhart - Remparts : 1 - Little Stars : 2.
9:51 of 1st period - Dainius Zubrus wins face-off versus Brian Flynn in neutral zone.
10:16 of 1st period - Mike Weber is hit by Niklas Hjalmarsson.
10:24 of 1st period - Snap shot by Pasi Salonen.
10:24 of 1st period - Stopped by Jhonas Enroth with a rebound.
10:26 of 1st period - Slapshot by Michal Jordan.
10:26 of 1st period - Stopped by Jhonas Enroth without a rebound.
10:27 of 1st period - Alex Galchenyuk wins face-off versus Dana Tyrell in Little Stars zone.
11:12 of 1st period - Jordie Benn is hit by Brandon Mashinter and loses puck.
13:00 of 1st period - Dana Tyrell is hit by Dainius Zubrus and loses puck.
13:19 of 1st period - Robert Klinkhammer is hit by Dale Weise and loses puck.
14:16 of 1st period - Brian Flynn is hit by William Colbert and loses puck.
14:28 of 1st period - Icing by Brian Flynn.
14:29 of 1st period - Max Reinhart wins face-off versus Alexander Vasyunov in Little Stars zone.
15:00 of 1st period - Slapshot by Cam Atkinson.
15:00 of 1st period - Shot Misses the Net.
15:29 of 1st period - William Colbert is hit by Jordie Benn and loses puck.
15:49 of 1st period - Snap shot by Mathieu Perreault.
15:49 of 1st period - Stopped by Tyler Plante with a rebound.
15:51 of 1st period - Snap shot by Hugh Jessiman.
15:51 of 1st period - Stopped by Tyler Plante without a rebound.
15:52 of 1st period - Max Reinhart wins face-off versus Brian Flynn in Remparts zone.
16:13 of 1st period - Minor Penalty to Max Reinhart for Hooking.
16:14 of 1st period - Brian Flynn wins face-off versus Guillaume Desbiens in Remparts zone.
16:15 of 1st period - Snap shot by Alex Chiasson.
16:15 of 1st period - Stopped by Tyler Plante with a rebound.
16:29 of 1st period - Snap shot by Alex Chiasson.
16:29 of 1st period - Shot Misses the Net.
18:13 of 1st period - Penalty to Max Reinhart is over, Max Reinhart is back on ice.
18:22 of 1st period - Snap shot by Max Reinhart.
18:22 of 1st period - Stopped by Jhonas Enroth without a rebound.
18:23 of 1st period - Pasi Salonen wins face-off versus Daniel Catenacci in Little Stars zone.
18:29 of 1st period - Off-side.
18:30 of 1st period - Mathieu Perreault wins face-off versus Dainius Zubrus in neutral zone.
18:39 of 1st period - Wrist shot by Hugh Jessiman.
18:39 of 1st period - Shot Misses the Net.
18:43 of 1st period - Wrist shot by Mathieu Perreault.
18:43 of 1st period - Shot Blocked by Alex Galchenyuk.
18:54 of 1st period - Icing by Michal Jordan.
18:55 of 1st period - Brian Flynn wins face-off versus Cédric Lalonde-McNicoll in Remparts zone.
19:16 of 1st period - Erik Gustafsson is hit by Alex Chiasson and loses puck.
19:31 of 1st period - Snap shot by Alex Chiasson.
19:31 of 1st period - Shot Misses the Net.
19:49 of 1st period - Slapshot by Niklas Hjalmarsson.
19:49 of 1st period - Stopped by Tyler Plante with a rebound.
19:51 of 1st period - Minor Penalty to Johannes Salmonsson for High sticking.
19:52 of 1st period - Max Reinhart wins face-off versus Dana Tyrell in Remparts zone.
19:52 of 1st period - Max Reinhart is hit by Jesse Joensuu.
Goals for this period are 1 for Remparts vs 2 for Little Stars.
Shots for this period are 12 for Remparts vs 8 for Little Stars.
2nd period
0:01 of 2nd period - Brian Flynn wins face-off versus Max Reinhart in neutral zone.
0:06 of 2nd period - Snap shot by Phil Oreskovic.
0:06 of 2nd period - Deflect By Mike Weber.
0:06 of 2nd period - Goal by Phil Oreskovic - Remparts : 1 - Little Stars : 3.
0:07 of 2nd period - Dainius Zubrus wins face-off versus Brian Flynn in neutral zone.
0:40 of 2nd period - Off-side.
0:41 of 2nd period - Brian Flynn wins face-off versus Max Reinhart in neutral zone.
1:06 of 2nd period - William Colbert is hit by Cam Atkinson and loses puck.
1:28 of 2nd period - Guillaume Desbiens is hit by Scott Kosmachuck and loses puck.
1:33 of 2nd period - Snap shot by Tyson Barrie.
1:33 of 2nd period - Stopped by Tyler Plante without a rebound.
1:34 of 2nd period - Max Reinhart wins face-off versus Daniel Catenacci in Remparts zone.
2:05 of 2nd period - Snap shot by Shawn Matthias.
2:05 of 2nd period - Stopped by Tyler Plante without a rebound.
2:06 of 2nd period - Brian Flynn wins face-off versus Dainius Zubrus in Remparts zone.
2:17 of 2nd period - Slapshot by Guillaume Desbiens.
2:17 of 2nd period - Stopped by Jhonas Enroth without a rebound.
2:18 of 2nd period - Dainius Zubrus wins face-off versus Dana Tyrell in Little Stars zone.
2:29 of 2nd period - Snap shot by Dainius Zubrus.
2:29 of 2nd period - Stopped by Jhonas Enroth without a rebound.
2:30 of 2nd period - Brian Flynn wins face-off versus Dainius Zubrus in Little Stars zone.
2:41 of 2nd period - Minor Penalty to Brian Flynn for Tripping.
2:42 of 2nd period - Alex Chiasson wins face-off versus Dainius Zubrus in Little Stars zone.
2:50 of 2nd period - Shawn Matthias is hit by Guillaume Desbiens and loses puck.
3:15 of 2nd period - Snap shot by Max Reinhart.
3:15 of 2nd period - Shot Blocked by Niklas Hjalmarsson.
3:40 of 2nd period - Off-side.
3:41 of 2nd period - Alexander Vasyunov wins face-off versus Max Reinhart in neutral zone.
4:03 of 2nd period - Snap shot by Mike Weber.
4:03 of 2nd period - Goal by Mike Weber - Remparts : 2 - Little Stars : 3.
4:04 of 2nd period - Dainius Zubrus wins face-off versus Brian Flynn in neutral zone.
4:04 of 2nd period - Dainius Zubrus is hit by Shawn Matthias.
4:10 of 2nd period - Alex Chiasson is hit by Alex Galchenyuk and loses puck.
4:35 of 2nd period - Slapshot by Niklas Hjalmarsson.
4:35 of 2nd period - Deflect By Cody Ceci.
4:35 of 2nd period - Stopped by Tyler Plante without a rebound.
4:36 of 2nd period - Cam Atkinson wins face-off versus Max Reinhart in Remparts zone.
4:41 of 2nd period - Snap shot by Cam Atkinson.
4:41 of 2nd period - Shot Misses the Net.
5:45 of 2nd period - Brian Flynn is hit by Pasi Salonen.
6:02 of 2nd period - Slapshot by Michal Jordan.
6:02 of 2nd period - Stopped by Jhonas Enroth with a rebound.
6:04 of 2nd period - Slapshot by Erik Gustafsson.
6:04 of 2nd period - Deflect By Alex Chiasson.
6:04 of 2nd period - Stopped by Jhonas Enroth without a rebound.
6:05 of 2nd period - Dana Tyrell wins face-off versus Dainius Zubrus in Little Stars zone.
6:05 of 2nd period - Dana Tyrell is hit by Guillaume Desbiens.
6:11 of 2nd period - Alex Galchenyuk is hit by Niklas Hjalmarsson and loses puck.
6:30 of 2nd period - Niklas Hjalmarsson is hit by Cédric Lalonde-McNicoll and loses puck.
6:51 of 2nd period - Wrist shot by Brandon Mashinter.
6:51 of 2nd period - Stopped by Jhonas Enroth with a rebound.
6:53 of 2nd period - Snap shot by Kris Russell.
6:53 of 2nd period - Deflect By Andrej Sustr.
6:53 of 2nd period - Stopped by Jhonas Enroth with a rebound.
6:55 of 2nd period - Backhand shot by Kris Russell.
6:55 of 2nd period - Shot Misses the Net.
6:57 of 2nd period - Slapshot by Cody Ceci.
6:57 of 2nd period - Shot Misses the Net.
6:59 of 2nd period - Slapshot by Kris Russell.
6:59 of 2nd period - Shot Blocked by Tyson Barrie.
7:01 of 2nd period - Snap shot by Kris Russell.
7:01 of 2nd period - Shot Misses the Net.
7:21 of 2nd period - Wrist shot by Jesse Joensuu.
7:21 of 2nd period - Shot Misses the Net.
7:39 of 2nd period - Yannick Weber is hit by Brandon Mashinter and loses puck.
8:37 of 2nd period - Wrist shot by Cam Atkinson.
8:37 of 2nd period - Shot Misses the Net.
8:39 of 2nd period - Snap shot by Cam Atkinson.
8:39 of 2nd period - Shot Misses the Net.
9:22 of 2nd period - Off-side.
9:23 of 2nd period - Dainius Zubrus wins face-off versus Dana Tyrell in neutral zone.
9:26 of 2nd period - Slapshot by Dainius Zubrus.
9:26 of 2nd period - Stopped by Jhonas Enroth without a rebound.
9:27 of 2nd period - Brian Flynn wins face-off versus Alex Galchenyuk in Little Stars zone.
9:39 of 2nd period - Icing by Alex Galchenyuk.
9:40 of 2nd period - Dainius Zubrus wins face-off versus Dana Tyrell in Remparts zone.
9:58 of 2nd period - Backhand shot by Mike Weber.
9:58 of 2nd period - Shot Misses the Net.
10:00 of 2nd period - Slapshot by Mike Weber.
10:00 of 2nd period - Shot Hit the Post.
10:02 of 2nd period - Slapshot by William Colbert.
10:02 of 2nd period - Shot Blocked by Cam Atkinson.
10:04 of 2nd period - Wrist shot by Mike Weber.
10:04 of 2nd period - Stopped by Jhonas Enroth without a rebound.
10:05 of 2nd period - Max Reinhart wins face-off versus Brian Flynn in Little Stars zone.
10:10 of 2nd period - Snap shot by Max Reinhart.
10:10 of 2nd period - Shot Blocked by Brian Flynn.
10:12 of 2nd period - Snap shot by Ryan Strome.
10:12 of 2nd period - Shot Misses the Net.
10:14 of 2nd period - Wrist shot by Max Reinhart.
10:14 of 2nd period - Shot Misses the Net.
10:16 of 2nd period - Slapshot by Kris Russell.
10:16 of 2nd period - Stopped by Jhonas Enroth without a rebound.
10:17 of 2nd period - Dainius Zubrus wins face-off versus Brian Flynn in Little Stars zone.
10:42 of 2nd period - Niklas Hjalmarsson is hit by Kris Russell and loses puck.
10:51 of 2nd period - Wrist shot by Max Reinhart.
10:51 of 2nd period - Stopped by Jhonas Enroth with a rebound.
10:53 of 2nd period - Wrist shot by Ryan Strome.
10:53 of 2nd period - Stopped by Jhonas Enroth with a rebound.
11:09 of 2nd period - Snap shot by Hugh Jessiman.
11:09 of 2nd period - Shot Blocked by Brandon Mashinter.
11:48 of 2nd period - Slapshot by Niklas Hjalmarsson.
11:48 of 2nd period - Deflect By Erik Gustafsson.
11:48 of 2nd period - Stopped by Tyler Plante with a rebound.
12:14 of 2nd period - Michal Jordan is hit by Cam Atkinson and loses puck.
12:57 of 2nd period - Snap shot by Alex Chiasson.
12:57 of 2nd period - Stopped by Tyler Plante with a rebound.
12:59 of 2nd period - Slapshot by Yannick Weber.
12:59 of 2nd period - Stopped by Tyler Plante with a rebound.
13:01 of 2nd period - Snap shot by Brian Flynn.
13:01 of 2nd period - Stopped by Tyler Plante with a rebound.
13:03 of 2nd period - Wrist shot by Brian Flynn.
13:03 of 2nd period - Stopped by Tyler Plante without a rebound.
13:04 of 2nd period - Max Reinhart wins face-off versus Dana Tyrell in Remparts zone.
13:11 of 2nd period - Snap shot by Cam Atkinson.
13:11 of 2nd period - Stopped by Tyler Plante with a rebound.
13:37 of 2nd period - Wrist shot by Alex Chiasson.
13:37 of 2nd period - Stopped by Tyler Plante with a rebound.
13:39 of 2nd period - Snap shot by Andrej Sustr.
13:39 of 2nd period - Shot Misses the Net.
13:41 of 2nd period - Slapshot by Brian Flynn.
13:41 of 2nd period - Stopped by Tyler Plante with a rebound.
13:43 of 2nd period - Wrist shot by Shawn Matthias.
13:43 of 2nd period - Goal by Shawn Matthias - Remparts : 2 - Little Stars : 4.
13:44 of 2nd period - Guillaume Desbiens wins face-off versus Brian Flynn in neutral zone.
13:52 of 2nd period - Slapshot by Phil Oreskovic.
13:52 of 2nd period - Shot Misses the Net.
14:15 of 2nd period - Snap shot by Mathieu Perreault.
14:15 of 2nd period - Stopped by Tyler Plante without a rebound.
14:16 of 2nd period - Mathieu Perreault wins face-off versus Max Reinhart in Remparts zone.
14:34 of 2nd period - Wrist shot by Mathieu Perreault.
14:34 of 2nd period - Stopped by Tyler Plante without a rebound.
14:35 of 2nd period - Dainius Zubrus wins face-off versus Shawn Matthias in Remparts zone.
15:00 of 2nd period - Snap shot by Pasi Salonen.
15:00 of 2nd period - Shot Hit the Post.
15:02 of 2nd period - Wrist shot by Ryan Strome.
15:02 of 2nd period - Stopped by Jhonas Enroth with a rebound.
15:04 of 2nd period - Snap shot by Ryan Strome.
15:04 of 2nd period - Deflect By Pasi Salonen.
15:04 of 2nd period - Shot Misses the Net.
15:04 of 2nd period - Puck is out of play.
15:05 of 2nd period - Max Reinhart wins face-off versus Dana Tyrell in Little Stars zone.
15:16 of 2nd period - Snap shot by Ryan Strome.
15:16 of 2nd period - Shot Blocked by Jordie Benn.
15:18 of 2nd period - Snap shot by Pasi Salonen.
15:18 of 2nd period - Deflect By Ryan Strome.
15:18 of 2nd period - Stopped by Jhonas Enroth without a rebound.
15:19 of 2nd period - Brian Flynn wins face-off versus Dainius Zubrus in Little Stars zone.
15:19 of 2nd period - Brian Flynn is hit by Alex Galchenyuk.
15:22 of 2nd period - Minor Penalty to Phil Oreskovic for Cross-checking.
15:23 of 2nd period - Alex Chiasson wins face-off versus Dainius Zubrus in Little Stars zone.
15:31 of 2nd period - Slapshot by Mike Weber.
15:31 of 2nd period - Deflect By Shawn Matthias.
15:31 of 2nd period - Stopped by Jhonas Enroth with a rebound.
15:44 of 2nd period - Shawn Matthias is hit by Dainius Zubrus and loses puck.
17:19 of 2nd period - Alexander Vasyunov is hit by Johannes Salmonsson and loses puck.
17:22 of 2nd period - Penalty to Phil Oreskovic is over, Phil Oreskovic is back on ice.
17:36 of 2nd period - Snap shot by Mike Weber.
17:36 of 2nd period - Shot Misses the Net.
17:38 of 2nd period - Slapshot by Brandon Mashinter.
17:38 of 2nd period - Stopped by Jhonas Enroth without a rebound.
17:39 of 2nd period - Johannes Salmonsson wins face-off versus Daniel Catenacci in Little Stars zone.
17:40 of 2nd period - Slapshot by Justin Williams.
17:40 of 2nd period - Stopped by Jhonas Enroth without a rebound.
17:41 of 2nd period - Daniel Catenacci wins face-off versus Cédric Lalonde-McNicoll in Little Stars zone.
17:41 of 2nd period - Daniel Catenacci is hit by Justin Williams.
18:17 of 2nd period - Snap shot by Alex Galchenyuk.
18:17 of 2nd period - Shot Misses the Net.
19:14 of 2nd period - Wrist shot by Justin Williams.
19:14 of 2nd period - Stopped by Jhonas Enroth without a rebound.
19:15 of 2nd period - Alex Chiasson wins face-off versus Cédric Lalonde-McNicoll in Little Stars zone.
19:15 of 2nd period - Alex Chiasson is hit by Johannes Salmonsson.
19:22 of 2nd period - Off-side.
19:23 of 2nd period - Dainius Zubrus wins face-off versus Brian Flynn in neutral zone.
19:32 of 2nd period - Snap shot by Alex Galchenyuk.
19:32 of 2nd period - Stopped by Jhonas Enroth without a rebound.
19:33 of 2nd period - Alex Galchenyuk wins face-off versus Dana Tyrell in Little Stars zone.
19:40 of 2nd period - Wrist shot by Guillaume Desbiens.
19:40 of 2nd period - Shot Misses the Net.
19:59 of 2nd period - Mike Weber is hit by Brian Flynn and loses puck.
Goals for this period are 1 for Remparts vs 2 for Little Stars.
Shots for this period are 19 for Remparts vs 15 for Little Stars.
3rd period
0:01 of 3rd period - Brian Flynn wins face-off versus Dainius Zubrus in neutral zone.
0:10 of 3rd period - Snap shot by Alex Chiasson.
0:10 of 3rd period - Stopped by Tyler Plante without a rebound.
0:11 of 3rd period - Brian Flynn wins face-off versus Dainius Zubrus in Remparts zone.
0:16 of 3rd period - Backhand shot by Alex Chiasson.
0:16 of 3rd period - Stopped by Tyler Plante with a rebound.
0:36 of 3rd period - Ryan Strome is hit by Jesse Joensuu and loses puck.
0:45 of 3rd period - Wrist shot by Dana Tyrell.
0:45 of 3rd period - Shot Misses the Net.
1:41 of 3rd period - Snap shot by Alex Galchenyuk.
1:41 of 3rd period - Stopped by Jhonas Enroth without a rebound.
1:42 of 3rd period - Dainius Zubrus wins face-off versus Brian Flynn in Little Stars zone.
1:47 of 3rd period - Snap shot by Alex Galchenyuk.
1:47 of 3rd period - Stopped by Jhonas Enroth with a rebound.
1:49 of 3rd period - Minor Penalty to Jordie Benn for Delaying the game.
1:50 of 3rd period - Alex Galchenyuk wins face-off versus Alex Chiasson in Little Stars zone.
1:57 of 3rd period - Snap shot by Dainius Zubrus.
1:57 of 3rd period - Shot Blocked by Alex Chiasson.
2:17 of 3rd period - Minor Penalty to Mike Weber for Holding.
2:18 of 3rd period - Alex Chiasson wins face-off versus Dainius Zubrus in Remparts zone.
2:25 of 3rd period - Snap shot by Alex Chiasson.
2:25 of 3rd period - Stopped by Tyler Plante with a rebound.
2:40 of 3rd period - Icing by Phil Oreskovic.
2:41 of 3rd period - Dainius Zubrus wins face-off versus Alex Chiasson in Little Stars zone.
3:49 of 3rd period - Penalty to Jordie Benn is over, Jordie Benn is back on ice.
4:17 of 3rd period - Penalty to Mike Weber is over, Mike Weber is back on ice.
4:22 of 3rd period - Daniel Catenacci is hit by Patrick Maroon and loses puck.
4:31 of 3rd period - Snap shot by Patrick Maroon.
4:31 of 3rd period - Stopped by Jhonas Enroth with a rebound.
5:32 of 3rd period - Justin Williams is hit by Scott Kosmachuck and loses puck.
6:05 of 3rd period - Jordie Benn is hit by Dainius Zubrus and loses puck.
6:43 of 3rd period - Phil Oreskovic is hit by Johannes Salmonsson and loses puck.
7:09 of 3rd period - Wrist shot by Patrick Maroon.
7:09 of 3rd period - Shot Misses the Net.
7:30 of 3rd period - Hugh Jessiman is hit by Mike Weber and loses puck.
7:39 of 3rd period - Slapshot by Jordie Benn.
7:39 of 3rd period - Deflect By Mathieu Perreault.
7:39 of 3rd period - Stopped by Tyler Plante without a rebound.
7:40 of 3rd period - Cédric Lalonde-McNicoll wins face-off versus Brian Flynn in Remparts zone.
8:09 of 3rd period - Snap shot by Dana Tyrell.
8:09 of 3rd period - Stopped by Tyler Plante with a rebound.
9:06 of 3rd period - Yannick Weber is hit by Patrick Maroon and loses puck.
9:59 of 3rd period - Snap shot by Phil Oreskovic.
9:59 of 3rd period - Shot Blocked by Pasi Salonen.
11:03 of 3rd period - Wrist shot by Guillaume Desbiens.
11:03 of 3rd period - Stopped by Jhonas Enroth without a rebound.
11:04 of 3rd period - Brian Flynn wins face-off versus Dainius Zubrus in Little Stars zone.
11:31 of 3rd period - Pasi Salonen is hit by Jesse Joensuu and loses puck.
11:54 of 3rd period - Icing by Jesse Joensuu.
11:55 of 3rd period - Mathieu Perreault wins face-off versus Cédric Lalonde-McNicoll in Little Stars zone.
12:41 of 3rd period - Snap shot by Justin Williams.
12:41 of 3rd period - Stopped by Jhonas Enroth with a rebound.
12:43 of 3rd period - Slapshot by William Colbert.
12:43 of 3rd period - Stopped by Jhonas Enroth with a rebound.
12:45 of 3rd period - Slapshot by Johannes Salmonsson.
12:45 of 3rd period - Shot Blocked by Alex Chiasson.
12:47 of 3rd period - Wrist shot by Johannes Salmonsson.
12:47 of 3rd period - Stopped by Jhonas Enroth with a rebound.
12:59 of 3rd period - Snap shot by Justin Williams.
12:59 of 3rd period - Shot Blocked by Jordie Benn.
13:01 of 3rd period - Snap shot by Justin Williams.
13:01 of 3rd period - Shot Misses the Net.
13:29 of 3rd period - Snap shot by Cédric Lalonde-McNicoll.
13:29 of 3rd period - Stopped by Jhonas Enroth with a rebound.
13:39 of 3rd period - Snap shot by Justin Williams.
13:39 of 3rd period - Stopped by Jhonas Enroth without a rebound.
13:40 of 3rd period - Dainius Zubrus wins face-off versus Dana Tyrell in Little Stars zone.
14:05 of 3rd period - Wrist shot by Ryan Strome.
14:05 of 3rd period - Stopped by Jhonas Enroth with a rebound.
14:07 of 3rd period - Slapshot by Michal Jordan.
14:07 of 3rd period - Shot Blocked by Niklas Hjalmarsson.
14:09 of 3rd period - Snap shot by Max Reinhart.
14:09 of 3rd period - Shot Misses the Net.
14:11 of 3rd period - Slapshot by Michal Jordan.
14:11 of 3rd period - Deflect By Pasi Salonen.
14:11 of 3rd period - Stopped by Jhonas Enroth with a rebound.
14:13 of 3rd period - Slapshot by Ryan Strome.
14:13 of 3rd period - Stopped by Jhonas Enroth without a rebound.
14:14 of 3rd period - Dana Tyrell wins face-off versus Dainius Zubrus in Little Stars zone.
14:42 of 3rd period - Minor Penalty to Guillaume Desbiens for High sticking.
14:43 of 3rd period - Brian Flynn wins face-off versus Max Reinhart in Remparts zone.
14:47 of 3rd period - Snap shot by Brian Flynn.
14:47 of 3rd period - Shot Misses the Net.
14:59 of 3rd period - Snap shot by Max Reinhart.
14:59 of 3rd period - Stopped by Jhonas Enroth with a rebound.
15:17 of 3rd period - Slapshot by Phil Oreskovic.
15:17 of 3rd period - Stopped by Tyler Plante with a rebound.
15:19 of 3rd period - Snap shot by Cam Atkinson.
15:19 of 3rd period - Stopped by Tyler Plante with a rebound.
15:36 of 3rd period - Snap shot by Cam Atkinson.
15:36 of 3rd period - Deflect By Cédric Lalonde-McNicoll.
15:36 of 3rd period - Shot Misses the Net.
15:36 of 3rd period - Puck is out of play.
15:37 of 3rd period - Max Reinhart wins face-off versus Brian Flynn in Remparts zone.
16:12 of 3rd period - Wrist shot by Cédric Lalonde-McNicoll.
16:12 of 3rd period - Shot Misses the Net.
16:14 of 3rd period - Slapshot by Kris Russell.
16:14 of 3rd period - Stopped by Jhonas Enroth without a rebound.
16:15 of 3rd period - Brian Flynn wins face-off versus Max Reinhart in Little Stars zone.
16:26 of 3rd period - Slapshot by Niklas Hjalmarsson.
16:26 of 3rd period - Stopped by Tyler Plante with a rebound.
16:40 of 3rd period - Alex Chiasson is hit by Cédric Lalonde-McNicoll and loses puck.
16:42 of 3rd period - Penalty to Guillaume Desbiens is over, Guillaume Desbiens is back on ice.
17:32 of 3rd period - Slapshot by Alex Chiasson.
17:32 of 3rd period - Stopped by Tyler Plante without a rebound.
17:33 of 3rd period - Brandon Mashinter wins face-off versus Mathieu Perreault in Remparts zone.
17:41 of 3rd period - Minor Penalty to Cody Ceci for Hooking.
17:42 of 3rd period - Max Reinhart wins face-off versus Dana Tyrell in Remparts zone.
17:42 of 3rd period - Max Reinhart is hit by Jordie Benn.
18:57 of 3rd period - Phil Oreskovic is hit by Cédric Lalonde-McNicoll.
19:14 of 3rd period - Mathieu Perreault is hit by Mike Weber and loses puck.
19:41 of 3rd period - Penalty to Cody Ceci is over, Cody Ceci is back on ice.
Goals for this period are 0 for Remparts vs 0 for Little Stars.
Shots for this period are 14 for Remparts vs 9 for Little Stars.
Back to the Top